 Dungeon Crawl Stone Soup version 0.31-a0-986-g5e6e4ef867 (webtiles) character file.

Game seed: 7689764040413023573

168 wildpjah the Covered (level 5, -10/47 HPs)
             Began as a Minotaur Fighter on Nov 22, 2023.
             Mangled by an ogre
             ... wielding a +0 giant spiked club
              (25 damage)
             ... on level 4 of the Dungeon.
             The game lasted 00:06:05 (2626 turns).

wildpjah the Covered (Minotaur Fighter)             Turns: 2626, Time: 00:06:05

Health: -10/47     AC:  8    Str: 23    XL:     5   Next: 23%
Magic:  4/4        EV:  9    Int:  5    God:
Gold:   87         SH:  4    Dex:  9    Spells: 4/4 levels left

rFire   . . .        a - +0 war axe
rCold   . . .        c - +0 buckler
rNeg    . . .        b - +0 scale mail
rPois   .            (helmet restricted)
rElec   .            m - +0 cloak
rCorr   .            (no gloves)
SInv    .            (no boots)
Will    .....        (no amulet) Stlth
                     (no ring)
HPRegen 0.27/turn    (no ring)
MPRegen 0.09/turn

%: no passive effects
@: no status effects
A: horns 2, retaliatory headbutt
a: no special abilities


You were on level 4 of the Dungeon.
You visited 1 branch of the dungeon, and saw 4 of its levels.

You collected 87 gold pieces.

Inventory:

Hand Weapons
 a - a +0 war axe (weapon)
Armour
 b - a +0 scale mail (worn)
 c - a +0 buckler (worn)
 m - a +0 cloak (worn)
Scrolls
 i - a scroll of blinking {unknown}
 j - 2 scrolls of teleportation {unknown}
 k - a scroll of immolation {unknown}
 n - a scroll of identify {unknown}
Potions
 d - 2 potions of might
 e - a potion of curing {unknown}
 f - a potion of attraction {unknown}
 g - 4 potions of heal wounds {unknown}
 h - a potion of ambrosia {unknown}
 l - a potion of degeneration {unknown}


   Skills:
 + Level 4.4 Fighting
 + Level 4.2 Axes
 + Level 5.2 Armour
 + Level 0.9 Dodging
 + Level 4.1 Shields


You had 4 spell levels left.
You didn't know any spells.
Your spell library contained the following spells:

 Spells                   Type           Power      Damage    Failure   Level
 Sandblast                Erth           0%         2d4       83%         1
 Ensorcelled Hibernation  Hex/Ice        0%         N/A       93%         2
 Passwall                 Tmut/Erth      0%         N/A       93%         2
 Scorch                   Fire           0%         2d5       93%         2
 Stone Arrow              Conj/Erth      0%         3d7       99%         3
 Swiftness                Air            0%         N/A       99%         3
 Brom's Barrelling Bould  Conj/Erth      0%         2d3       100%        4
 Flame Wave               Conj/Fire      0%         2d4       100%        4
 Summon Cactus Giant      Summ           0%         N/A       100%        6
 Haunt                    Necr/Summ      0%         N/A       100%        7
 Borgnjor's Revivificati  Necr           0%         N/A       100%        8
 Death's Door             Necr           0%         N/A       100%        9


Dungeon Overview and Level Annotations

Branches:
Dungeon (4/15)
 Temple: D:4-7

Altars:
Sif Muna

Shops:
D:2 (


Innate Abilities, Weirdness & Mutations

You have a pair of horns on your head.
You reflexively headbutt those who attack you in melee.


Message History

Found a stone staircase leading up.
An iguana comes into view.
An iguana is nearby!
The iguana hisses angrily.
Found a ring mail.
An endoplasm comes into view.
Found 4 stones.
You hit the iguana. You headbutt the iguana!
The iguana is almost dead.
You block the iguana's attack.
You completely miss the iguana. Your headbutt misses the iguana.
The iguana is almost dead.
The iguana bites you. The iguana misses you. You furiously retaliate!
You headbutt the iguana!
You kill the iguana!
The endoplasm freezes you.
You are frozen.
You see here an iguana corpse.
You slash the endoplasm!
You kill the endoplasm!
No target in view!
No target in view!
HP restored.
An ogre comes into view. It is wielding a +0 giant spiked club.
The ogre shouts!
Unknown command.
You slash the ogre!
The ogre is heavily wounded.
The ogre hits you with a +0 giant spiked club!!
Ouch! That really hurt!
* * * LOW HITPOINT WARNING * * *
Press: ? - help, v - describe, . - travel
Here: an ogre, wielding a +0 giant spiked club (heavily wounded)
The floor, spattered with blood.
You hit the ogre.
You headbutt the ogre, but do no damage.
The ogre is heavily wounded.
The ogre hits you with a +0 giant spiked club!!
Ouch! That really hurt!
You die...

##...############
##................
##........#.....#
#..............#
##....<...#.#.#.#
##......##.#.##..
#.....#..........<
#..#.##..#O#.###.#
#..###...@.#.# #.
#..†### . # #....#
## #..#.# #.. [#
... .. .... ...
.#... .#( ..#...
.#..


You could see an ogre.

Vanquished Creatures
  An iguana (D:4)
  Robin (D:2)
  3 adders
  3 gnolls (D:2)
  A dart slug (D:2)
  5 orcs (D:3)
  7 ball pythons
  8 endoplasms
  4 giant cockroaches
  7 hobgoblins
  2 jackals (D:3)
  3 quokkas
  5 bats
  2 frilled lizards
  9 goblins
  3 kobolds
  2 rats
66 creatures vanquished.

Notes
Turn   | Place    | Note
-------+----------+-------------------------------------------
     0 | D:1      | wildpjah the Minotaur Fighter began the quest for the Orb.
     0 | D:1      | Reached XP level 1. HP: 19/19 MP: 0/0
   157 | D:1      | Found a faded altar of an unknown god.
   355 | D:1      | Reached XP level 2. HP: 23/27 MP: 1/1
   547 | D:2      | Reached skill level 4 in Armour
   601 | D:2      | Found Vavvydi's Antique Weapon Boutique.
   706 | D:2      | Noticed Robin
   715 | D:2      | Reached XP level 3. HP: 25/33 MP: 2/2
   726 | D:2      | Killed Robin
  1123 | D:2      | Reached XP level 4. HP: 17/40 MP: 3/3
  1466 | D:2      | Reached skill level 5 in Armour
  2142 | D:3      | Found a shimmering blue altar of Sif Muna.
  2317 | D:3      | Reached XP level 5. HP: 27/47 MP: 4/4
  2622 | D:4      | Noticed an ogre
  2626 | D:4      | Mangled by an ogre

Illustrated notes

Levels and vault maps discovered:
D:1:      scummos_arrival_star, layout_basic,
          ebering_ecumenical_altar_petrified, hangedman_decor_riveting,
          nrook_loot_triangle
D:2:      layout_basic, serial_shops, shop, uniq_robin
D:3:      layout_basic, overflow_temple_1_default, st_stairs_3, minmay_puff
D:4:      layout_loops_ring, serial_shops, nicolae_shop_tiny_glass,
          minmay_unequal

Skill      XL: |  1  2  3  4 |
---------------+-------------+-----
Fighting       | 4 |  4.4
Armour         | 4 5 |  5.2
Axes           | 3 4 |  4.2
Shields        | 4 |  4.1
Dodging        | |  0.9

Action                     |  1- 3 |  4- 6 || total
---------------------------+-------+-------++-------
  Melee: War axe           |    69 |    69 ||   138
         Headbutt          |     7 |    10 ||    17
 Armour: Scale mail        |    72 |    58 ||   130
  Dodge: Dodged            |    53 |    23 ||    76
  Block: Buckler           |    11 |    14 ||    25

Table legend: (Time is in decaauts)
 A = Elapsed time spent in this place.
 B = Non-inter-level travel time spent in this place.
 C = Inter-level travel time spent in this place.
 D = Time resting spent in this place.
 E = Time spent auto-exploring this place.
 F = Levels seen in this place.
 G = Mean time per level.
                   A        B        C        D        E       F      G
               +--------+--------+--------+--------+--------+-----+--------+
         Total |   2677 |   2568 |    109 |      5 |   2151 |   4 |  669.2 |
       Dungeon |   2677 |   2568 |    109 |      5 |   2151 |   4 |  669.2 |
               +--------+--------+--------+--------+--------+-----+--------+

Top non-repeatable levels by time:
     D:2: 1212 daAuts
     D:3: 882 daAuts
     D:1: 539 daAuts
     D:4: 42 daAuts
